Map: Battle on the Boardwalk LE

Players

JohnSnow - Winner!

  • Race: Terran Terran
  • Spawn Location: 11:00

A.I. 1 (Hard)

  • Race: Protoss Protoss
  • Spawn Location: 1:00

VOD

Have the link to the VOD?

Description

Time

  • Played on: Jan. 13, 2018, 10:47 a.m.
  • Length: 15:22
Show
View Real Time Build Order
Export as new Build Order

JohnSnow Terran - Winner!

Build Orders: Reaper Expand 

Get SALT Encoding   

  12  0:01  SCV  
  13  0:13  SCV  
  14  0:19  Supply Depot  
  14  0:25  SCV  
  15  0:40  SCV  
  16  0:44  Barracks  
  16  0:49  Refinery  
  16  1:08  SCV  
  17  1:20  SCV  
  18  1:32  SCV  
  19  1:33  Reaper  
  20  1:42  Command Center  
  20  1:47  Orbital Command  
  20  1:59  Barracks  
  20  2:17  Barracks Reactor  
  20  2:29  SCV  
  21  2:41  SCV  
  22  2:52  Barracks Tech Lab  
  22  2:56  Factory  
  22  2:57  Supply Depot  
  22  3:09  Orbital Command  
  22  3:14  SCV  
  23  3:21  Supply Depot  
  23  3:26  SCV  
  24  3:35  SCV  
  24  3:38  SCV  
  26  3:47  SCV  
  27  3:50  SCV, Factory Reactor  
  27  3:51  Starport  
  27  3:55  Marine x2  
  29  3:59  SCV  
  31  4:13  Marine x2  
  33  4:21  Marine  
  34  4:27  SCV  
  34  4:28  SCV  
  34  4:31  Marine x2  
  38  4:40  SCV x2  
  40  4:52  SCV x2  
  42  5:01  Medivac  
  42  5:02  Medivac  
  46  5:13  Refinery  
  46  5:15  Factory Tech Lab  
  46  5:23  Supply Depot  
  46  5:26  Marine  
  47  5:30  SCV x2  
  47  5:32  Marine x2  
  51  5:42  SCV x2, Stimpack  
  53  5:44  Marine  
  53  5:45  Supply Depot  
  54  5:50  Marine x2  
  54  5:54  SCV  
  57  6:01  Medivac  
  57  6:02  Marine  
  60  6:05  Refinery  
  60  6:07  Marine, Refinery  
  60  6:09  SCV  
  60  6:10  SCV  
  63  6:21  SCV  
  63  6:22  SCV  
  65  6:34  SCV, Bunker  
  65  6:35  Marine x3  
  69  6:52  Marine  
  70  7:04  Marine  
  70  7:23  Engineering Bay  
  70  7:36  Armory  
  70  7:57  Terran Infantry Weapons Level 1  
  70  8:04  Supply Depot  
  70  8:26  SCV, Marine x3, Medivac x2  
  78  8:28  Supply Depot  
  78  8:47  Command Center  
  78  8:49  SCV x2, Marine x3, Siege Tank  
  78  8:51  Supply Depot  
  86  9:05  Terran Vehicle Weapons Level 1  
  86  9:13  SCV x2  
  88  9:17  Barracks  
  88  9:21  Siege Tank  
  91  9:25  SCV x2  
  93  9:37  SCV  
  94  9:52  Terran Infantry Armor Level 1  
  94  9:57  Supply Depot  
  94  9:59  SCV x2, Siege Tank  
  99  10:02  Orbital Command  
  99  10:06  Marine x3  
  102  10:11  SCV x2  
  104  10:18  Barracks Reactor  
  104  10:20  Supply Depot  
  104  10:24  Marine x3, Barracks  
  107  10:29  Medivac x2  
  107  10:31  Siege Tank  
  114  10:42  Marine x3  
  117  10:43  Supply Depot  
  117  10:54  Barracks  
  117  10:58  SCV x3  
  117  10:59  Terran Vehicle And Ship Armor Level 1  
  117  11:03  Siege Tank  
  123  11:07  Supply Depot  
  123  11:10  SCV x3  
  122  11:22  SCV x2  
  122  11:23  SCV  
  125  11:34  SCV  
  126  11:44  SCV  
  126  11:45  SCV, Terran Infantry Weapons Level 2  
  126  11:46  SCV, Marine x4  
  126  11:47  Marine  
  133  11:48  Siege Tank  
  137  11:56  SCV  
  137  11:57  SCV  
  137  12:04  Marine x2  
  132  12:16  SCV x2  
  132  12:17  SCV  
  132  12:20  Marine x3  
  132  12:21  Siege Tank  
  141  12:32  Supply Depot  
  141  12:41  SCV x2, Marine x2, Medivac x2  
  141  12:42  SCV  
  150  12:53  SCV, Siege Tank  
  150  12:54  Supply Depot  
  150  13:17  Supply Depot  
  150  13:25  Siege Tank  
  153  13:46  SCV  
  153  13:47  SCV x2  
  156  13:48  Marine x2  
  156  13:49  Marine x3  
  156  13:52  Medivac x2  
  165  13:57  Siege Tank  
  165  13:58  SCV  
  165  13:59  SCV x2  
  171  14:06  Marine x2  
  171  14:09  Barracks Reactor  
  172  14:11  SCV  
  169  14:22  Medivac x2  
  170  14:27  Barracks Reactor  
  170  14:29  Siege Tank  
  169  15:07  SCV  
  169  15:08  SCV x2  
Show
View Real Time Build Order
Export as new Build Order

A.I. 1 (Hard) Protoss 

Build Orders:  

Get SALT Encoding   

  12  0:00  Probe  
  13  0:13  Probe  
  14  0:19  Pylon  
  14  0:25  Probe  
  15  0:37  Probe  
  15  0:39  Gateway  
  16  0:48  Assimilator  
  16  0:49  Probe  
  17  1:01  Probe, Pylon  
  18  1:13  Probe  
  19  1:25  Probe  
  19  1:26  Zealot  
  19  1:28  Cybernetics Core  
  22  1:44  Gateway  
  22  1:47  Assimilator  
  22  1:53  Zealot  
  24  2:03  Pylon  
  24  2:16  Warp Gate  
  24  2:20  Stalker  
  26  2:31  Zealot  
  28  2:41  Pylon  
  28  2:50  Zealot  
  30  2:58  Zealot  
  32  3:17  Zealot  
  34  3:24  Pylon  
  34  3:25  Stalker  
  36  3:33  Probe  
  37  3:45  Adept, Probe  
  40  3:55  Adept  
  42  3:56  Forge  
  42  3:57  Probe  
  44  4:10  Probe  
  44  4:12  Zealot  
  44  4:16  Pylon  
  46  4:22  Probe  
  47  4:30  Stalker  
  49  4:34  Probe  
  50  5:51  Probe  
  50  6:23  Protoss Ground Weapons Level 1, Sentry  
  50  6:25  Gateway  
  52  6:27  Robotics Facility  
  52  6:29  Photon Cannon  
  52  6:32  Nexus, Photon Cannon  
  52  6:33  Stalker  
  52  6:36  Stargate  
  52  6:39  Pylon  
  54  6:46  Stalker  
  56  6:56  Stalker  
  42  7:09  Zealot  
  42  7:14  Observer  
  43  7:19  Adept  
  45  7:29  Zealot  
  47  7:35  Observer  
  48  7:39  Zealot  
  50  7:45  Probe  
  50  7:46  Probe  
  50  7:49  Adept  
  54  7:52  Assimilator  
  54  7:57  Probe  
  55  7:58  Probe  
  55  7:59  Sentry  
  58  8:09  Probe, Zealot  
  58  8:10  Probe  
  62  8:18  Protoss Ground Armor Level 1  
  62  8:21  Probe  
  62  8:23  Probe  
  64  8:33  Probe  
  65  8:35  Probe  
  66  8:45  Probe  
  66  8:46  Assimilator  
  66  8:47  Probe  
  68  8:57  Probe  
  68  8:59  Probe  
  71  9:10  Probe  
  71  9:11  Probe  
  72  9:22  Probe  
  72  9:23  Probe  
  74  10:49  Immortal  
  78  10:50  Protoss Shields Level 1  
  78  10:51  Protoss Air Weapons Level 1  
  78  10:53  Pylon  
  78  10:56  Nexus  
  78  11:11  Stalker  
  78  11:13  Robotics Facility  
  78  11:16  Pylon  
  78  11:17  Robotics Bay  
  78  11:18  Stargate, Stalker  
  80  11:23  Twilight Council  
  80  11:24  Stalker  
  82  11:25  Forge  
  82  11:28  Warp Prism  
  82  11:31  Stalker x2  
  84  11:37  Pylon  
  84  11:39  Gateway  
  84  11:43  Fleet Beacon  
  84  11:59  Observer  
  85  12:02  Templar Archives  
  85  12:04  Immortal  
  85  12:05  Dark Shrine  
  85  12:06  Zealot  
  85  12:07  Observer Gravitic Boosters  
  83  12:09  Probe  
  83  12:11  Probe  
  83  12:12  Probe  
  83  12:13  Sentry  
  83  12:14  Assimilator  
  62  12:19  Zealot  
  62  12:20  Warp Prism  
  66  12:26  Probe, Zealot, Pylon  
  66  12:27  Assimilator  
  66  12:28  Probe  
  66  12:29  Probe  
  71  12:33  Sentry  
  73  12:38  Probe  
  73  12:39  Stalker  
  73  12:40  Probe  
  73  12:42  Probe  
  73  12:43  Warp Prism  
  80  12:44  Protoss Ground Armor Level 2  
  80  12:46  Stalker  
  80  12:51  Probe  
  83  12:52  Stalker  
  83  12:54  Probe  
  83  12:55  Probe  
  87  12:59  Sentry  
  87  13:03  Probe, Zealot  
  78  13:09  Zealot  
  70  13:16  Sentry  
  76  13:23  Zealot  
  76  13:26  Void Ray  
  80  13:30  Zealot  
  80  13:34  Zealot  
  80  13:39  Zealot  
  78  13:42  Twilight Council  
  78  13:45  Zealot  
  70  13:50  Immortal  
  60  13:56  Zealot  
  60  13:59  Pylon  
  60  14:00  Zealot  
  55  14:07  Zealot  
  55  14:09  Void Ray  
  52  14:16  Stalker  
  46  14:20  Zealot  
  45  14:24  Pylon  
  45  14:28  Stalker  
  25  14:39  Zealot  
  25  14:43  Zealot  
  21  14:50  Twilight Council  
  24  14:52  Stalker  
  24  14:59  Stalker  
  27  15:05  Probe, Stalker  
  20  15:07  Probe  
Tags
 
Add a new tag
Caveats
  • Supply blocks, unpowered buildings, or Contaminate may cause inaccurate times.
  • Supply counts are checked every 10 seconds.